 Dungeon Crawl Stone Soup version 0.29.1-1-gd02db6906a (webtiles) character file.

Game seed: 760993681591929864

2 cdecastro the Insei (level 1, -1/17 HPs)
             Began as a Djinni Transmuter on Oct 3, 2022.
             Slain by a hobgoblin (5 damage)
             ... on level 1 of the Dungeon.
             The game lasted 00:00:26 (31 turns).

cdecastro the Insei (Djinni Transmuter)               Turns: 31, Time: 00:00:27

Health: -1/17      AC:  2    Str:  9    XL:     1   Next: 33%
Gold:   7          EV: 12    Int: 14    God:
                   SH:  0    Dex: 13

rFire   + + .      SeeInvis .     - Unarmed
rCold   x . .      Faith    .   (no shield)
rNeg    . . .      Spirit   .   a - +0 robe
rPois   ∞          Reflect  .   (helmet currently unavailable)
rElec   .          Harm     .   (no cloak)
rCorr   .          Rampage  .   (no gloves)
Will    .....                   (boots unavailable)
Stlth   +.........              (no amulet)
HPRegen 0.05/turn               (no ring)
MPRegen 0.00/turn               (no ring)

@: appendages (expiring), flying
A: horns 2, flying, sickness immunity, fire resistance 2, cold vulnerability 1,
float, innate caster, HP casting, extra vitality 1
a: End Transformation


You were on level 1 of the Dungeon.
You had temporarily grown beastly horns.
You visited 1 branch of the dungeon, and saw 1 of its levels.

You collected 7 gold pieces.

Inventory:

Armour
 a - a +0 robe (worn)
Scrolls
 c - a scroll of enchant armour {unknown}
Potions
 b - a potion of lignification


   Skills:
 - Level 1.0 Fighting
 - Level 2.1 Dodging
 * Level 3.1 Unarmed Combat
 + Level 1.6 Spellcasting


You couldn't memorise any spells.
You knew the following spells:

 Your Spells              Type           Power      Damage    Failure   Level
a - Beastly Appendage     Tmut           10%        N/A       13%         1
b - Wereblood             Tmut           5%         N/A       19%         2
c - Spider Form           Tmut/Pois      5%         N/A       36%         3
d - Ice Form              Ice/Tmut       5%         N/A       77%         4
Your spell library was empty.

Dungeon Overview and Level Annotations

Branches:
Dungeon (1/15)

Altars:


Innate Abilities, Weirdness & Mutations

You have temporarily grown beastly horns.
You are flying.
You are immune to sickness and miasma.
You are immune to poison.
Your flesh is very heat resistant. (rF++)
You are vulnerable to cold. (rC-)
You float through the air rather than walking.
You learn spells naturally, not from books.
Your magical power is your life essence.
You have superior vitality. (+4 MHP)


Message History

You now have 7 gold pieces.
c - a scroll labelled QOBLIME QAONYCS A sourceless malevolence fills the Dungeon... and a teleportation trap spontaneously manifests!
You are yanked towards some nearby monsters!
Your surroundings suddenly seem different.
A hobgoblin, a kobold and a giant cockroach come into view.
Found 15 gold pieces and a scroll labelled DEMID LAITUTI.
The hobgoblin shouts!
The kobold shouts!
The kobold moves out of view.
You see here 15 gold pieces.
Casting: Beastly Appendage (safe; 13% risk of failure)
Press: ? - help, Q - select action, (/) - cycle Dir - look around, f - activate You miscast Beastly Appendage.
You are very lightly contaminated with residual magic.
Nothing appears to happen.
Unknown command.
Casting: Beastly Appendage (safe; 13% risk of failure)
Press: ? - help, Q - select action, (/) - cycle Dir - look around, f - activate You grow a pair of large bovine horns.
Your transformation is almost over.
Unknown command.
You hit the giant cockroach.
The giant cockroach is heavily wounded.
The giant cockroach closely misses you. The giant cockroach bites you.
You hit the giant cockroach.
You kill the giant cockroach!
The kobold hits you with a +0 dagger.
The hobgoblin hits you but does no damage.
You see here a giant cockroach corpse.
You closely miss the kobold. The kobold closely misses you.
The hobgoblin hits you.
* * * LOW HITPOINT WARNING * * *
Your magical contamination has completely faded away.
The hobgoblin attacks as you move away! The hobgoblin hits you.
* * * LOW HITPOINT WARNING * * *
The kobold attacks as you move away! The kobold hits you but does no damage.
You hit the kobold. You headbutt the kobold.
You kill the kobold!
You closely miss the hobgoblin. The hobgoblin hits you.
You die...

. .. ......##.#
...#.#........####
..................
#...........
#........#
###...$....#
............#
.....#..?....####
.....#.......g@.#
.....#......###.#
.....#..^...# ..♣
... #......# ...♣
#....... ≈#≈..
#######.~ .~.~~~
.. ~~ .≈~~ #~ ~~
♣~..


You could see a hobgoblin.

Vanquished Creatures
  A giant cockroach (D:1)
  A kobold (D:1)
2 creatures vanquished.

Notes
Turn   | Place    | Note
-------+----------+-------------------------------------------
     0 | D:1      | cdecastro the Djinni Transmuter began the quest for the
                  | Orb.
     0 | D:1      | cdecastro set off with the following spells memorised:
                  | Beastly Appendage, Wereblood, Spider Form, Ice Form.
     0 | D:1      | Reached XP level 1. HP: 17/17 MP: 0/0
    31 | D:1      | Slain by a hobgoblin

Illustrated notes

Levels and vault maps discovered:
D:1:      minmay_arrival_five_plusses, layout_basic,
          chequers_serial_rivers_marsh, reono_crystal_passage, eino_curves_03

Action                   || total
-------------------------++-------
Melee: Unarmed           ||     5
       Headbutt          ||     1
 Cast: Beastly Appendage ||     1
Armor: Robe              ||     2
Dodge: Dodged            ||     2
